 Dungeon Crawl Stone Soup version 0.28-a0-476-g0f06bd746f (webtiles) character file.

Game seed: 12986594486888799681

132 freelancePsychic the Magician (level 5, -2/39 HPs)
             Began as a Djinni Fire Elementalist on Sept 16, 2021.
             Slain by an iguana (12 damage)
             ... on level 3 of the Dungeon.
             The game lasted 00:04:39 (4234 turns).

freelancePsychic the Magician (DjFE)                Turns: 4234, Time: 00:04:40

Health: -2/39      AC:  2    Str:  7    XL:     5   Next: 38%
Gold:   105        EV: 12    Int: 18    God:
                   SH:  0    Dex: 13

rFire   + + .      SeeInvis .   (no weapon)
rCold   x . .      Faith    .   (no shield)
rNeg    . . .      Spirit   .   a - +0 robe
rPois   ∞          Reflect  .   (no helmet)
rElec   .          Harm     .   (no cloak)
rCorr   .          Rampage  .   (no gloves)
Will    .....                   (boots unavailable)
Stlth   ++........              (no amulet)
HPRegen 0.13/turn               (no ring)
MPRegen 0.00/turn               (no ring)

@: flying
A: sickness immunity, fire resistance 2, cold vulnerability 1, float, innate
caster, hp casting, extra vitality 1
a: no special abilities


You were on level 3 of the Dungeon.
You visited 1 branch of the dungeon, and saw 3 of its levels.

You collected 105 gold pieces.

Inventory:

Armour
 a - a +0 robe (worn)
Jewellery
 j - a +6 ring of strength
Wands
 i - a wand of iceblast (7)
Scrolls
 b - a scroll of vulnerability
 h - a scroll of torment
Potions
 c - a potion of curing {@q1}
 e - a potion of attraction {unknown}
 f - 2 potions of lignification {unknown}
 g - 2 potions of flight {unknown}


   Skills:
 + Level 2.4 Fighting
 - Level 2.1 Dodging
 - Level 1.5 Stealth
 * Level 3.9 Spellcasting


You couldn't memorise any spells.
You knew the following spells:

 Your Spells              Type           Power      Damage    Failure   Level
a - Foxfire               Conj/Fire      68%        2x1d7     3%          1
b - Scorch                Fire           34%        2d6       4%          2
c - Conjure Flame         Conj/Fire      17%        6-21      9%          3
d - Inner Flame           Hex/Fire       17%        N/A       9%          3
e - Flame Wave            Conj/Fire      17%        3d5       30%         4
f - Beastly Appendage     Tmut           34%        N/A       3%          1
g - Passwall              Tmut/Erth      14%        N/A       4%          2
Your spell library was empty.

Dungeon Overview and Level Annotations

Branches:
Dungeon (3/15)

Altars:

Shops:
D:2 :[=[!

Annotations:
D:2 Natasha
D:3 Ijyb


Innate Abilities, Weirdness & Mutations

You are immune to sickness and miasma.
You are immune to poison.
Your flesh is very heat resistant. (rF++)
You are vulnerable to cold. (rC-)
You float through the air rather than walking.
You learn spells naturally, not from books.
Your magical power is your life essence.
You have superior vitality. (+4 HP)


Message History

Flames lash Ijyb but do no damage.
* * * LOW HITPOINT WARNING * * *
You feel better. Ijyb hits you with a +0 dagger.
Casting: Scorch (safe; 4% risk of failure)
Confirm with . or Enter, or press ? or * to list all spells.
You conjure some foxfire!
A kobold comes into view. It is wielding a +0 dagger.
The iguana hisses menacingly.
The foxfire hits the iguana but does no damage.
Ijyb hits you but does no damage.
The foxfire hits Ijyb.
Ijyb is lightly wounded.
Unknown command.
Casting: Foxfire (safe; 3% risk of failure)
Confirm with . or Enter, or press ? or * to list all spells.
Flames lash the iguana.
The iguana is heavily wounded.
The iguana's fire resistance burns away.
Ijyb misses you.
Casting: Scorch (safe; 4% risk of failure)
Confirm with . or Enter, or press ? or * to list all spells.
Flames lash the hobgoblin.
You kill the hobgoblin!
The iguana bites you.
* * * LOW HITPOINT WARNING * * *
Ijyb hits you with a +0 dagger.
* * * LOW HITPOINT WARNING * * *
You feel better. The iguana barely misses you. Ijyb hits you with a +0 dagger.
* * * LOW HITPOINT WARNING * * *
You feel better. The iguana bites you. Ijyb hits you with a +0 dagger.
* * * LOW HITPOINT WARNING * * *
Okay, then.
Casting: Scorch (safe; 4% risk of failure)
Confirm with . or Enter, or press ? or * to list all spells.
You conjure some foxfire!
* * * LOW HITPOINT WARNING * * *
The iguana is no longer more vulnerable to fire.
The iguana bites you!
You die...

.............# ###)†.).
......g......# ##.....).
#.K........#.# ##........
##...#....##.# #.........
##....##.K.# #......).. #.##.
#g..# #........## # #.
##gg#.≈.###...#..## #.
##l##.≈..##.#.#..## #.##v@#
P≈.P.###.#..## #####.. #...v.#
P≈.. #.##..#
......######.....####≈#####.#>...
........ ..........^.............
.......####.........)..##........
........# #......................
...>....##...#.##.....######.....
...g.K...............## ##....
g...<...#####......### #.##.


You could see Ijyb, an iguana (ally target), a hobgoblin, a goblin and a kobold.

Vanquished Creatures
  Natasha (D:2)
  4 adders
  2 dart slugs
  8 orcs
  3 endoplasms (D:2)
  A giant cockroach (D:1)
  6 goblins
  6 hobgoblins
  4 quokkas
  9 bats
  2 frilled lizards
  6 kobolds
  6 rats
58 creatures vanquished.

Vanquished Creatures (others)
  100 foxfires
  3 fungi (D:3)
  5 plants (D:3)
108 creatures vanquished.

Grand Total: 166 creatures vanquished

Notes
Turn   | Place    | Note
-------+----------+-------------------------------------------
     0 | D:1      | freelancePsychic the Djinni Fire Elementalist began the
                  | quest for the Orb.
     0 | D:1      | Reached XP level 1. HP: 15/15 MP: 0/0
   732 | D:1      | Reached XP level 2. HP: 18/22 MP: 0/0
   871 | D:1      | Reached skill level 1 in Fighting
  1171 | D:1      | Reached XP level 3. HP: 26/27 MP: 0/0
  1171 | D:1      | Learned a level 1 spell: Beastly Appendage
  1194 | D:1      | Reached skill level 3 in Spellcasting
  2273 | D:2      | Found Biremaga's Distillery.
  2550 | D:2      | Reached XP level 4. HP: 20/32 MP: 0/0
  2786 | D:2      | Found Yzack's Antique Armour Boutique.
  3011 | D:2      | Found Hoink's Book Shop.
  3181 | D:2      | Noticed Natasha
  3187 | D:2      | Killed Natasha
  3323 | D:2      | Found Geply's Armour Shop.
  3626 | D:2      | Noticed Natasha
  3639 | D:3      | Noticed Ijyb
  3649 | D:2      | Reached XP level 5. HP: 25/38 MP: 0/0
  3649 | D:2      | Learned a level 2 spell: Passwall
  3763 | D:2      | Found Muwnutus's Jewellery Shoppe.
  4234 | D:3      | Slain by an iguana

Illustrated notes

Levels and vault maps discovered:
D:1:      heliophobic_arrival_glass_houses, layout_basic, hex_large,
          kennysheep_decorative_pillar
D:2:      layout_loops_corners, serial_shops, shop, nicolae_lakefront_shop,
          nicolae_shop_behind_doors, shop, shop, wad_orctagon, uniq_natasha
D:3:      layout_rooms, marbit_many_paths, shapermc_ecumenical_altar_hornbeckon,
          uniq_ijyb

Skill      XL: |  1  2  3  4 |
---------------+-------------+-----
Fighting       | 1 2 |  2.4
Spellcasting   | 3 |  3.9
Dodging        | |  2.1
Stealth        | |  1.5

Action                   |  1- 3 |  4- 6 || total
-------------------------+-------+-------++-------
Melee: Unarmed           |    10 |       ||    10
 Cast: Foxfire           |    60 |     3 ||    63
       Scorch            |    23 |    38 ||    61
  Use: Scroll            |       |     2 ||     2
       Potion            |       |     4 ||     4
Armor: Robe              |     3 |     1 ||     4
Dodge: Dodged            |    26 |    19 ||    45

Table legend: (Time is in decaauts)
 A = Elapsed time spent in this place.
 B = Non-inter-level travel time spent in this place.
 C = Inter-level travel time spent in this place.
 D = Time resting spent in this place.
 E = Time spent auto-exploring this place.
 F = Levels seen in this place.
 G = Mean time per level.
                   A        B        C        D        E       F      G
               +--------+--------+--------+--------+--------+-----+--------+
         Total |   4234 |   4189 |     45 |     86 |   3732 |   3 | 1411.3 |
       Dungeon |   4234 |   4189 |     45 |     86 |   3732 |   3 | 1411.3 |
               +--------+--------+--------+--------+--------+-----+--------+

Top non-repeatable levels by time:
     D:1: 2006 daAuts
     D:2: 1780 daAuts
     D:3: 448 daAuts
